 Dungeon Crawl Stone Soup version 0.28-a0-1143-gcf6077d4cc (webtiles) character file.

Game seed: 18134508472476806747

1528 patchburns1 the Poker (level 8, -6/62 HPs)
             Began as a Demonspawn Gladiator on Dec 14, 2021.
             Succumbed to a gnoll sergeant's poison
             ... on level 5 of the Dungeon.
             The game lasted 00:34:22 (6113 turns).

patchburns1 the Poker (Demonspawn Gladiator)        Turns: 6113, Time: 00:34:23

Health: -6/62      AC: 13    Str: 16    XL:     8   Next: 55%
Magic:  8/8        EV:  8    Int: 10    God:
Gold:   240        SH:  0    Dex: 15    Spells: 7/7 levels left

rFire   . . .      SeeInvis .   D - +2 scythe
rCold   . . .      Faith    .   (shield currently unavailable)
rNeg    . . .      Spirit   .   G - +0 chain mail
rPois   .          Reflect  .   (helmet restricted)
rElec   .          Harm     .   (no cloak)
rCorr   .          Rampage  .   (no gloves)
Will    .....                   (no boots)
Stlth   ..........              (no amulet)
HPRegen 0.20/turn               i - +4 ring of protection
MPRegen 0.11/turn               (no ring)

@: mighty, lethally poisoned (-6 -> -27)
A: antennae 1, spiny 2
a: no special abilities


You were on level 5 of the Dungeon.
You visited 1 branch of the dungeon, and saw 5 of its levels.
You also visited: Sewer.

You collected 240 gold pieces.

Inventory:

Hand Weapons
 a - a +0 trident
 e - a +0 hand crossbow
 y - a +0 short sword of freezing
 A - a +0 spear
 D - a +2 scythe (weapon)
 K - the +5 dagger of the Vanishing Cities {elec, rElec rN++ Dex-2}
   (You found it on level 5 of the Dungeon)

   It occasionally discharges a powerful burst of electricity upon striking a
   foe.
   Dex:       It affects your dexterity (-2).
   rElec:     It insulates you from electricity.
   rN:        It greatly protects you from negative energy.
Missiles
 d - 3 throwing nets
 j - 102 stones (quivered)
 p - 38 sling bullets
 r - 21 bolts
 z - 5 boomerangs
 E - 19 poisoned darts
 H - 34 arrows
 N - 3 javelins
Armour
 b - a +0 leather armour
 c - a +0 helmet
 g - a +0 ring mail
 l - a +0 scale mail
 G - a +0 chain mail (worn)
Magical Staves
 J - a staff of conjuration
Jewellery
 i - a +4 ring of protection (left hand)
Wands
 F - a wand of polymorph (9)
 L - a wand of charming (3)
Scrolls
 h - a scroll of blinking {unknown}
 n - a scroll of amnesia {unknown}
 q - a scroll of summoning {unknown}
 s - a scroll of magic mapping {unknown}
 x - a scroll of holy word {unknown}
 B - a scroll of acquirement {unknown}
Potions
 m - 2 potions of ambrosia {unknown}
 o - 3 potions of resistance
 t - a potion of cancellation {unknown}
 u - a potion of haste {unknown}
 v - a potion of mutation {unknown}
 w - 2 potions of might
 C - a potion of brilliance {unknown}
 I - a potion of magic {unknown}


   Skills:
 * Level 5.3 Fighting
 * Level 5.4 Polearms
 + Level 3.7 Throwing
 * Level 4.2 Armour
 * Level 5.3 Dodging


You had 7 spell levels left.
You didn't know any spells.
Your spell library contained the following spells:

 Spells                   Type           Power      Damage    Failure   Level
 Sandblast                Erth           0%         2d4       99%         1
 Passwall                 Tmut/Erth      0%         N/A       100%        2
 Ozocubu's Armour         Ice            0%         N/A       100%        3
 Stone Arrow              Conj/Erth      0%         3d7       100%        3
 Summon Ice Beast         Ice/Summ       0%         N/A       100%        4
 Excruciating Wounds      Necr           0%         N/A       100%        5
 Metabolic Englaciation   Hex/Ice        0%         N/A       100%        5


Dungeon Overview and Level Annotations

Branches:
Dungeon (5/15)              Sewer (visited)
 Temple: D:4-7

Altars:
Hepliaklqana

Annotations:
D:4 1 runed translucent door


Innate Abilities, Weirdness & Mutations

You have a pair of small antennae on your head.
You are mostly covered in sharp spines.


Message History

You are poisoned.
* * * LOW HITPOINT WARNING * * *
You feel very sick.
You are too injured to fight recklessly!
You are too injured to fight recklessly!
* * * LOW HITPOINT WARNING * * *
You feel very sick.
The gnoll sergeant hits you but does no damage.
You are lethally poisoned!
You slash the gnoll sergeant!
The gnoll sergeant is moderately wounded.
* * * LOW HITPOINT WARNING * * *
You feel extremely sick.
The gnoll sergeant hits you but does no damage.
You are more poisoned.
The gnoll sergeant is struck by your spines.
The gnoll sergeant hits you but does no damage.
You are more poisoned.
You feel much better.
You feel extremely sick.
The gnoll sergeant is struck by your spines.
The gnoll sergeant hits you with a +2 spear of venom!
* * * LOW HITPOINT WARNING * * *
You are more poisoned.
You feel very mighty all of a sudden.
* * * LOW HITPOINT WARNING * * *
You feel extremely sick.
The gnoll sergeant is struck by your spines.
The gnoll sergeant hits you but does no damage.
You feel much better.
* * * LOW HITPOINT WARNING * * *
You feel extremely sick.
The gnoll sergeant is struck by your spines.
You kill the gnoll sergeant!
You barely miss the gnoll.
* * * LOW HITPOINT WARNING * * *
You feel extremely sick.
The gnoll hits you but does no damage. x2
You barely miss the gnoll.
You die...

##..### #...#..
#######
##...#####.#.#.#
#.....##
#.........#.#.#
###....######
#.........#.#.#
##.........
#.....###.#.#.#
##......#..
####....##
#.#.#g#
##.###.#####
#.....†.# #..)#g#
##.## #.# #
######..# #####g#
##.## #.# #
#.†##### #@###.##
### #
#......####....##
#
#..###....###..#
##### # ##.##
#....# ##.##
#.).## ## #..#
#....# #..##
#.#..###.
#####..# #....#
##..###.#####..
...#...# #....#
##.>##.#.....#
###....# #....#
##..#.#.#####
##...# #....#
##.#.#.#####


You could see 3 gnolls.

Vanquished Creatures
  Sigmund (D:1)
  The ghost of Zonian the Grave Robber, an amateur DsNe (D:3)
  The ghost of Adrian566 the Ducker, an amateur TrFi of Qazlal (D:4)
  2 sky beasts
  A black bear (D:4)
  A phantom (D:5)
  A gnoll sergeant (D:5)
  A howler monkey (D:5)
  A jelly (D:5)
  2 orc priests
  4 hounds
  2 iguanas
  Terence (D:2)
  Natasha (thrice) (D:3)
  An orc wizard (D:3)
  A gnoll (D:5)
  A howler monkey skeleton (D:5)
  A river rat (D:3)
  11 adders
  2 ufetubi (D:5)
  An adder skeleton (D:2)
  2 worms (D:2)
  A dart slug (D:3)
  9 orcs
  9 endoplasms
  2 giant cockroaches
  4 goblins
  6 hobgoblins
  9 jackals
  16 kobolds
  8 quokkas
  16 ball pythons
  3 bats
  6 frilled lizards
  21 rats
152 creatures vanquished.

Vanquished Creatures (others)
  A sky beast (D:3)
  25 plants (Sewer)
26 creatures vanquished.

Grand Total: 178 creatures vanquished

Notes
Turn   | Place    | Note
-------+----------+-------------------------------------------
     0 | D:1      | patchburns1 the Demonspawn Gladiator began the quest for
                  | the Orb.
     0 | D:1      | Reached XP level 1. HP: 16/16 MP: 1/1
   234 | D:1      | Gained mutation: You are partially covered in sharp spines.
                  | [demonic ancestry]
   234 | D:1      | Reached XP level 2. HP: 21/22 MP: 2/2
   292 | D:1      | Found a faded altar of an unknown god.
   751 | D:1      | Reached XP level 3. HP: 28/28 MP: 3/3
   913 | D:2      | Noticed Sigmund
  1170 | D:2      | Noticed Terence
  1179 | D:2      | Killed Terence
  1180 | D:2      | Reached skill level 1 in Armour
  1334 | D:2      | Reached XP level 4. HP: 34/34 MP: 4/4
  1892 | D:3      | Found a glowing drain.
  1911 | Sewer    | Entered a sewer
  1948 | Sewer    | Reached XP level 5. HP: 41/41 MP: 5/5
  2656 | D:3      | Noticed a sky beast
  2670 | D:3      | Killed a sky beast
  2671 | D:3      | Reached XP level 6. HP: 22/47 MP: 6/6
  2697 | D:3      | Noticed Natasha
  2717 | D:3      | Killed Natasha
  2757 | D:3      | Noticed Natasha
  2844 | D:3      | Killed Natasha
  2870 | D:3      | Noticed Natasha
  2886 | D:3      | Killed Natasha
  2995 | D:3      | Found a runed translucent door.
  2995 | D:3      | Noticed Zonian's ghost (amateur DsNe)
  3112 | D:1      | Killed Sigmund
  3113 | D:1      | Gained mutation: You have a pair of small antennae on your
                  | head. [demonic ancestry]
  3113 | D:1      | Reached XP level 7. HP: 48/54 MP: 7/7
  3635 | D:3      | Killed Zonian's ghost
  4720 | D:4      | Identified the +4 helmet of Mental Paralysis {Contam MP+9
                  | Str+6}
  4757 | D:4      | Found a runed translucent door.
  4768 | D:4      | Gained mutation: You are mostly covered in sharp spines.
                  | [demonic ancestry]
  4768 | D:4      | Reached XP level 8. HP: 61/61 MP: 8/8
  4768 | D:4      | Noticed Adrian566's ghost (amateur TrFi)
  4781 | D:4      | Killed Adrian566's ghost
  4788 | D:4      | Found a runed translucent door.
  5083 | D:5      | Entered Level 5 of the Dungeon
  5113 | D:5      | Reached skill level 5 in Polearms
  5171 | D:5      | Identified the +5 dagger of the Vanishing Cities {elec,
                  | rElec rN++ Dex-2}
  5190 | D:5      | Found a hazy altar of Hepliaklqana.
  5206 | D:5      | Reached skill level 5 in Fighting
  5206 | D:5      | Reached skill level 5 in Dodging
  5625 | D:5      | Got the Tome of Darkness and the Frostbite
  5717 | D:5      | Noticed a hornet
  6110 | D:5      | HP: 1/62 [poisoned by a gnoll sergeant]
  6113 | D:5      | Succumbed to a gnoll sergeant's poison

Illustrated notes

Levels and vault maps discovered:
D:1:      dpeg_arrival_chambers_temple_mockup, layout_basic,
          hellmonk_ecumenical_altar_zigzags
D:2:      layout_loops_ring, uniq_sigmund, uniq_terence
D:3:      layout_rooms, cheibrodos_sewer_entry_sluice, gammafunk_ghost_grave,
          minmay_misc_feat_plants, minmay_rat_hole, uniq_natasha
D:4:      layout_cave_pools, ebering_ghost_sewer_f
D:5:      layout_layer_cave, lemuel_crystal_altar, serial_co_window_serial,
          co_window_corner_a, co_window_paths_a, co_window_of_opportunity_a,
          co_window_paths_b, co_window_paths_b, co_window_paths_a,
          co_window_unsneaky_path_d, co_window_broadway_b,
          co_window_of_opportunity_b, glass_columns_b, glass_columns_a,
          glass_columns_b, glass_columns_a, glass_columns_a,
          minmay_misc_feat_hallway, lightli_corner_chamber

Skill      XL: |  1  2  3  4  5  6  7  8 |
---------------+-------------------------+-----
Throwing       | 2 3 |  3.7
Dodging        | 3 4 5 |  5.3
Polearms       | 3 4 5 |  5.4
Armour         | 1 2 3 4 |  4.2
Fighting       | 3 4 5 |  5.3

Action                   |  1- 3 |  4- 6 |  7- 9 || total
-------------------------+-------+-------+-------++-------
Melee: Trident           |    91 |   191 |       ||   282
       Scythe            |       |       |   133 ||   133
Throw: Stone             |     4 |       |       ||     4
       Dart              |       |       |     1 ||     1
  Use: Scroll            |       |     3 |     3 ||     6
       Potion            |       |     1 |     5 ||     6
Armor: Ring mail         |    22 |       |       ||    22
       Scale mail        |       |    51 |    34 ||    85
       Chain mail        |       |       |    49 ||    49
Dodge: Dodged            |    41 |    54 |    51 ||   146

Table legend: (Time is in decaauts)
 A = Elapsed time spent in this place.
 B = Non-inter-level travel time spent in this place.
 C = Inter-level travel time spent in this place.
 D = Time resting spent in this place.
 E = Time spent auto-exploring this place.
 F = Levels seen in this place.
 G = Mean time per level.
                   A        B        C        D        E       F      G
               +--------+--------+--------+--------+--------+-----+--------+
         Total |   6423 |   6408 |     15 |    996 |   2881 |   6 | 1070.5 |
       Dungeon |   5552 |   5537 |     15 |    915 |   2582 |   5 | 1110.4 |
         Sewer |    870 |    870 |      0 |     81 |    299 |   1 |  870.0 |
               +--------+--------+--------+--------+--------+-----+--------+

Top non-repeatable levels by time:
     D:3: 1721 daAuts
     D:1: 1150 daAuts
     D:5: 1056 daAuts
     D:2: 909 daAuts
   Sewer: 870 daAuts
     D:4: 715 daAuts
